 Seeded DCSS version 0.29-a0-870-g2c972031a6 (webtiles) character file.

Game seed: 8897551386731462229 (custom seed)

159445 wilfster70 the Slayer (level 16, 0/156 HPs)
             Began as a Minotaur Monk on July 18, 2022.
             Was the Champion of Hepliaklqana.
             Shot with a sling bullet by a faun (9 damage)
             ... led by a satyr
             ... on level 4 of the Shoals.
             The game lasted 01:13:54 (38236 turns).

wilfster70 the Slayer (Minotaur Monk)              Turns: 38236, Time: 01:13:55

Health: 0/156      AC: 27    Str: 21    XL:     16   Next: 89%
Magic:  21/21      EV:  7    Int: 13    God:    Hepliaklqana [******]
Gold:   3239       SH: 14    Dex: 19    Spells: 15/15 levels left

rFire   + + .      SeeInvis +   a - +7 broad axe (elec)
rCold   + + .      Faith    +   R - +0 kite shield {rC+}
rNeg    . . .      Spirit   .   e - +0 plate armour
rPois   +          Reflect  .   p - +3 crown of Dyrovepreva {rElec Int+2 SInv}
rElec   +          Harm     .   K - +2 cloak
rCorr   .          Rampage  .   f - +2 pair of gloves {Dex+3}
Will    .....                   t - +2 pair of boots
Stlth   ..........              k - amulet "Kuerollo" {Faith rF+ rC+ Stlth+}
HPRegen 0.36/turn               L - ring of poison resistance
MPRegen 0.17/turn               O - ring "Fufar" {Fly rF+ Int+4}

@: weak-willed, flying, studying Short Blades
A: reduced essence, horns 2, retaliatory headbutt
}: 1/15 runes: barnacled
a: Renounce Religion, Recall Ancestor, Ancestor Identity, Transference, Idealise


You were on level 4 of the Shoals.
You worshipped Hepliaklqana.
Hepliaklqana was exalted by your worship.
You visited 4 branches of the dungeon, and saw 26 of its levels.
You also visited: Ossuary, Bailey and Ice Cave.

You collected 4197 gold pieces.
You spent 958 gold pieces at shops.

Inventory:

Hand Weapons
 a - a +7 broad axe of electrocution (weapon)
 b - a +1 war axe of flaming
Missiles
 q - 9 javelins (quivered)
 Q - 4 throwing nets
Armour
 e - a +0 plate armour (worn)
 f - a +2 pair of gloves of dexterity (worn)
 p - the +3 crown of Dyrovepreva (worn) {rElec Int+2 SInv}
   (You acquired it in a bailey)

   Int:       It affects your intelligence (+2).
   rElec:     It insulates you from electricity.
   SInv:      It lets you see invisible.
 t - a +2 pair of boots (worn)
 K - a +2 cloak (worn)
 R - a +0 kite shield of cold resistance (worn)
Jewellery
 g - a ring of resist corrosion
 k - the amulet "Kuerollo" (around neck) {Faith rF+ rC+ Stlth+}
   (You acquired it on level 1 of the Dungeon)

   [amulet of faith]

   It allows you to gain divine favour quickly.
   rF:        It protects you from fire.
   rC:        It protects you from cold.
   Stlth:     It makes you more stealthy.
 o - a ring of positive energy
 u - a ring of see invisible
 L - a ring of poison resistance (left hand)
 O - the ring "Fufar" (right hand) {Fly rF+ Int+4}
   (You bought it in a shop on level 10 of the Dungeon)

   [ring of protection from fire]

   Int:       It affects your intelligence (+4).
   rF:        It protects you from fire.
   Fly:       It grants you flight.
 P - a +4 ring of evasion
Wands
 x - a wand of charming (23)
 y - a wand of roots (16)
 A - a wand of flame (4)
 D - a wand of light (13)
 G - a wand of mindburst (30)
 J - a wand of digging (20)
 M - a wand of polymorph (3)
Scrolls
 h - 4 scrolls of poison
 i - 4 scrolls of magic mapping
 n - 20 scrolls of teleportation
 r - 4 scrolls of identify
 v - 2 scrolls of silence
 w - 3 scrolls of fog
 E - 3 scrolls of fear
 H - 5 scrolls of immolation
Potions
 c - 2 potions of ambrosia
 d - 13 potions of curing
 j - 4 potions of mutation
 l - 3 potions of might
 s - 3 potions of cancellation
 z - 6 potions of resistance
 C - 3 potions of brilliance
 F - 5 potions of lignification
 I - 5 potions of haste
Miscellaneous
 m - a tin of tremorstones (2/2)


   Skills:
 - Level 24.1 Fighting
 - Level 18.0 Axes
 - Level 9.0 Armour
 - Level 3.2 Dodging
 - Level 1.5 Stealth
 + Level 14.4 Shields
 - Level 9.0 Invocations
 - Level 5.8 Evocations


You had 15 spell levels left.
You didn't know any spells.
Your spell library contained the following spells:

 Spells                   Type           Power      Damage    Failure   Level
 Apportation              Tloc           0%         N/A       100%        1
 Foxfire                  Conj/Fire      0%         2x1d4     100%        1
 Necrotise                Necr           0%         1d4       100%        1
 Summon Small Mammal      Summ           0%         N/A       100%        1
 Blink                    Tloc           0%         N/A       100%        2
 Ensorcelled Hibernation  Hex/Ice        0%         N/A       100%        2
 Passwall                 Tmut/Erth      0%         N/A       100%        2
 Conjure Flame            Conj/Fire      0%         6-21      100%        3
 Gell's Gravitas          Tloc           0%         N/A       100%        3
 Inner Flame              Hex/Fire       0%         N/A       100%        3
 Lesser Beckoning         Tloc           0%         N/A       100%        3
 Swiftness                Air            0%         N/A       100%        3
 Teleport Other           Tloc           0%         N/A       100%        3
 Flame Wave               Conj/Fire      0%         2d4       100%        4
 Fulminant Prism          Conj/Hex       0%         3d6       100%        4
 Iskenderun's Mystic Bla  Conj/Tloc      0%         2d3       100%        4
 Passage of Golubria      Tloc           0%         N/A       100%        4
 Summon Ice Beast         Ice/Summ       0%         N/A       100%        4
 Alistair's Intoxication  Tmut/Pois      0%         N/A       100%        5
 Blade Hands              Tmut           0%         N/A       100%        5
 Borgnjor's Vile Clutch   Necr/Erth      0%         N/A       100%        5
 Irradiate                Conj/Tmut      0%         3d11      100%        5
 Lee's Rapid Deconstruct  Erth           0%         3d5*      100%        5
 Manifold Assault         Tloc           0%         N/A       100%        5
 Silence                  Hex/Air        0%         N/A       100%        5
 Summon Mana Viper        Hex/Summ       0%         N/A       100%        5
 Dispersal                Tloc           0%         N/A       100%        6
 Eringya's Noxious Bog    Tmut/Pois      0%         N/A       100%        6
 Dragon Form              Tmut           0%         N/A       100%        7
 Monstrous Menagerie      Summ           0%         N/A       100%        7
 Lehudib's Crystal Spear  Conj/Erth      0%         10d2      100%        8


Dungeon Overview and Level Annotations

Branches:
Dungeon (15/15)            Temple (0/1) D:7            Lair (5/5) D:10
 Shoals (4/4) Lair:3       Spider (0/4) Lair:3        Slime (0/5) Lair:4
    Orc (2/2) D:12            Elf (0/3) Orc:2        Vaults (0/5) D:13
 Depths (0/4) D:15        Ossuary (visited)          Bailey (visited)
  IceCv (visited)

Altars:
Cheibriados
Fedhas
Gozag
Hepliaklqana
Kikubaaqudgha
Makhleb
Ru
Trog
Vehumet
Xom
Yredelemnul
The Shining One
Jiyva

Shops:
D:10 =   Orc:2 (:[***   Shoals:2 !::

Annotations:
D:4 2 transporters, StoneSoupSpirits's ghost, amateur DsCK
D:12 1 runed translucent door, exclusion: door
Shoals:1 exclusion: downstairs
Orc:1 Jorgrun; Nergalle; Urug
Orc:2 exclusion: upstairs


Innate Abilities, Weirdness & Mutations

Your life essence is reduced to manifest your ancestor. (-10% HP)
You have a pair of horns on your head.
You reflexively headbutt those who attack you in melee.


Message History

The satyr shoots an arrow.
The arrow completely misses you.
The faun shoots a sling bullet.
The sling bullet hits you!
The satyr shoots an arrow.
You block the arrow. The faun casts a spell at you.
You resist with significant effort.
The faun shoots a sling bullet.
The sling bullet closely misses you.
The faun unwields a +0 spear.
The faun wields a +0 sling.
The faun shoots a sling bullet.
The sling bullet hits you but does no damage.
The faun shoots a sling bullet.
The sling bullet barely misses you. The faun casts a spell at you.
Your willpower is stripped away!
The faun shoots a sling bullet.
The sling bullet hits you but does no damage.
The faun shoots a sling bullet.
The sling bullet hits you but does no damage.
The satyr plays a lulling melody on his pipes!
You fall asleep.
The faun shoots a sling bullet.
The sling bullet barely misses you.
The faun shoots a sling bullet.
The sling bullet hits you but does no damage.
The satyr shoots an arrow.
The arrow hits you!!
You wake up.
* * * LOW HITPOINT WARNING * * *
The faun shoots a sling bullet.
The sling bullet hits you!
* * * LOW HITPOINT WARNING * * *
The faun shoots a sling bullet.
The sling bullet hits you!
* * * LOW HITPOINT WARNING * * *
Unknown command.
You feel better.
The satyr shoots an arrow.
The arrow hits you!
* * * LOW HITPOINT WARNING * * *
The satyr shoots an arrow.
You block the arrow.
The satyr shoots an arrow.
The arrow hits you!
* * * LOW HITPOINT WARNING * * *
You feel better.
The faun no longer looks unusually strong.
The satyr shoots an arrow.
The arrow hits you.
* * * LOW HITPOINT WARNING * * *
The faun shoots a sling bullet.
The sling bullet closely misses you.
The faun shoots a sling bullet.
You block the sling bullet.
The faun shoots a sling bullet.
The sling bullet hits you!
You die...

≈≈≈≈≈≈≈≈≈≈≈≈≈≈≈........
≈≈≈≈≈≈≈≈≈≈≈c≈c≈≈P.....#.
#≈≈≈≈≈≈≈≈≈≈≈≈≈c≈≈≈≈≈≈≈≈#.
##≈≈≈≈≈≈≈≈≈≈≈≈c≈≈#.#.#''#.
###≈≈≈≈≈≈≈≈≈≈≈≈≈≈.##..#..#.
####≈≈≈≈≈≈≈≈≈≈≈≈≈.#........#
####≈≈≈≈≈≈≈≈≈≈≈≈##..........
####≈≈≈≈≈≈≈≈≈≈≈##...≈.......
####≈≈≈≈≈≈≈@≈≈##...#..#.#...
####≈≈≈≈≈≈≈≈≈≈....#########.
####≈≈≈≈≈≈≈≈≈##..## #.
####≈≈≈≈≈≈≈≈≈# .## #.
####≈≈≈≈≈≈≈≈#..#. #.
####≈≈≈≈≈≈≈≈#.≈# . #≈
####≈≈≈≈≈≈≈#..## .# #8
####≈≈≈≈≈≈≈#..# #.
####≈≈≈≈≈≈##.## #.


You could see a satyr and 3 fauns.

Vanquished Creatures
  Nikola (Shoals:1)
  The ghost of Dacluamp the Devastator, an adept DsCj of Gozag (Shoals:1)
  2 krakens (Shoals:4)
  A sphinx (Shoals:4)
  Polyphemus (Shoals:3)
  A stone giant (D:15)
  A dire elephant (Lair:5)
  Nessos (Lair:3)
  2 minotaurs (Shoals:4)
  6 merfolk impalers
  An ettin (Orc:1)
  Snorg (D:10)
  Fannar (D:10)
  3 hydras
  Harold (D:10)
  A boulder beetle (D:12)
  An ironbound frostheart (IceCv)
  A death knight (D:14)
  4 centaur warriors
  A dancing weapon (D:13)
  2 merfolk avatars
  7 satyrs
  5 tengu warriors
  4 two-headed ogres
  A catoblepas (Shoals:2)
  A merfolk aquamancer (Shoals:1)
  3 death yaks (Shoals:2)
  3 orc high priests (Orc:2)
  A skeletal warrior (D:9)
  8 sea snakes
  A spriggan simulacrum (D:14)
  A wizard (D:15)
  12 harpies
  5 orc knights
  Pikel (D:5)
  3 deep elf pyromancers
  4 orc sorcerers (Orc:2)
  11 fauns
  3 slime creatures (D:12)
  10 manticores
  8 ugly things
  4 merfolk sirens
  6 cyclopes
  5 black mambas
  6 elephants
  A gargoyle (D:12)
  2 unseen horrors
  6 cane toads
  A water nymph (Shoals:3)
  An orange demon (D:8)
  5 rime drakes
  3 kobold demonologists (D:11)
  A yaktaur (D:15)
  12 komodo dragons
  4 entropy weaver simulacra (D:14)
  2 freezing wraiths (D:14)
  A tengu conjurer (D:15)
  16 merfolk
  5 trolls
  A meliai (shapeshifter) (D:15)
  7 polar bears
  3 hornets
  9 wind drakes
  7 snapping turtles
  5 dream sheep
  4 blink frogs
  6 wraiths
  2 vampires
  A yak (shapeshifter) (D:12)
  16 water elementals
  2 hogs (Lair:5)
  6 wyverns
  38 yaks
  4 basilisks
  4 steam dragons
  Menkaure (D:7)
  A harpy simulacrum (D:14)
  An acid dragon (D:10)
  2 wargs
  10 water moccasins
  42 orc warriors
  2 ice beasts (D:6)
  2 black bears
  An alligator simulacrum (D:14)
  9 ogres
  22 wolves
  4 boggarts (D:14)
  A phantom (D:6)
  8 centaurs
  An elf zombie (Ossuary)
  Blork the orc (D:5)
  4 kobold brigands
  11 bullfrogs
  A scorpion (D:4)
  A necrophage (D:7)
  3 wights (D:7)
  6 killer bees
  3 electric eels (D:15)
  2 howler monkeys (D:10)
  2 centaur zombies (Ossuary)
  21 orc priests
  A hound (D:5)
  Crazy Yiuf (D:6)
  A gnoll bouda (D:9)
  2 human zombies (Ossuary)
  A hexer (D:11)
  2 iguanas
  21 orc wizards
  A killer bee zombie (D:7)
  2 mummies (Ossuary)
  15 gnolls
  10 adders
  A shadow imp (D:7)
  A white imp (D:5)
  An adder zombie (Ossuary)
  3 worms
  2 dart slugs
  85 orcs
  4 bats
  9 endoplasms
  4 giant cockroaches
  6 goblins
  9 hobgoblins
  4 jackals (D:1)
  29 kobolds
  8 ball pythons
  7 frilled lizards
  2 goblin zombies (Ossuary)
  6 hobgoblin zombies (Ossuary)
  6 kobold zombies (Ossuary)
  9 orc zombies (Ossuary)
  A rat (D:3)
  A bush (D:1)
  8 tentacles
747 creatures vanquished.

Vanquished Creatures (collateral kills)
  Kirke (Lair:5)
  An orc warlord (Orc:2)
  A merfolk impaler (Shoals:4)
  A merfolk avatar (Lair:5)
  A boulder beetle (D:12)
  A dancing weapon (D:13)
  A two-headed ogre (D:9)
  A centaur warrior (D:15)
  2 satyrs
  A death yak (Shoals:2)
  A tengu warrior (D:15)
  An orc high priest (Orc:2)
  2 sea snakes
  Amaemon (D:8)
  A flayed ghost (D:12)
  3 harpies
  The ghost of MirrMurr the Ducker, a novice GnGl of Hepliaklqana (D:7)
  A deep elf pyromancer (D:14)
  An orc knight (Orc:2)
  3 ugly things
  2 cyclopes
  A manticore (Shoals:4)
  2 elephants (Lair:3)
  A merfolk siren (Shoals:3)
  2 water nymphs
  A gargoyle (D:12)
  A cane toad (Lair:1)
  An unseen horror (D:13)
  3 komodo dragons
  3 merfolk
  A wolf spider simulacrum (D:15)
  4 dream sheep
  3 snapping turtles
  3 water elementals
  2 wraiths
  15 yaks
  3 basilisks
  A steam dragon (Lair:5)
  5 water moccasins
  6 orc warriors
  A sky beast (D:7)
  A black bear (D:6)
  An alligator simulacrum (D:14)
  An ice beast (D:6)
  3 wolves
  A boggart (D:14)
  A centaur (D:10)
  A kobold brigand (D:7)
  A bullfrog (Lair:1)
  A scorpion (D:6)
  A gnoll sergeant (D:9)
  2 wights (D:7)
  2 killer bees
  A centaur zombie (Ossuary)
  4 orc priests
  2 hounds (D:5)
  8 orc wizards
  A killer bee zombie (D:7)
  2 adders (D:5)
  3 gnolls (D:9)
  A white imp (D:5)
  28 orcs
  A hobgoblin (Bailey)
  A goblin (D:8)
  A goblin zombie (Ossuary)
  A hobgoblin zombie (Ossuary)
  2 kobold zombies (Ossuary)
  An orc zombie (Ossuary)
  A rat zombie (Ossuary)
  A plant (Shoals:1)
162 creatures vanquished.

Vanquished Creatures (others)
  A human (Lair:5)
  38 hexers
  42 fungi
  115 plants
  26 tentacles
222 creatures vanquished.

Grand Total: 1131 creatures vanquished

Notes
Turn   | Place    | Note
-------+----------+-------------------------------------------
     0 | D:1      | wilfster70 the Minotaur Monk began the quest for the Orb.
     0 | D:1      | Reached XP level 1. HP: 19/19 MP: 0/0
   396 | D:1      | Reached XP level 2. HP: 26/27 MP: 1/1
   550 | D:1      | Reached skill level 4 in Fighting
   756 | D:1      | Identified a scroll of acquirement
   756 | D:1      | Acquired a +0 pair of gloves of dexterity
   999 | D:1      | Acquired the amulet "Kuerollo" {Faith rF+ rC+ Stlth+}
  1213 | D:2      | Reached XP level 3. HP: 31/33 MP: 2/2
  1380 | D:2      | Reached skill level 1 in Armour
  1527 | D:2      | Found a faded altar of an unknown god.
  1566 | D:2      | Reached skill level 5 in Axes
  2029 | D:2      | Reached XP level 4. HP: 41/41 MP: 3/3
  2876 | D:3      | Reached XP level 5. HP: 47/47 MP: 4/4
  3295 | D:3      | Found a bloodstained altar of Trog.
  3351 | D:3      | Found a shimmering altar of Xom.
  3549 | D:3      | Reached skill level 5 in Fighting
  3701 | D:3      | Reached XP level 6. HP: 56/56 MP: 5/5
  3784 | D:4      | Found a burning altar of Makhleb.
  3880 | D:4      | Found an ancient bone altar of Kikubaaqudgha.
  3884 | D:4      | Found a hazy altar of Hepliaklqana.
  4099 | D:4      | Became a worshipper of Hepliaklqana the Forgotten
  4099 | D:4      | Reached * piety under Hepliaklqana
  4099 | D:4      | Reached ** piety under Hepliaklqana
  4100 | D:4      | Remembered your ancestor Rodica as a hexer
  4148 | D:4      | Found a transporter.
  4148 | D:4      | Noticed StoneSoupSpirits's ghost (amateur DsCK)
  4151 | D:4      | Found a transporter.
  4222 | D:4      | Found an opulent altar of Gozag.
  4339 | D:4      | Found a blossoming altar of Fedhas.
  4339 | D:4      | Found a snail-covered altar of Cheibriados.
  4434 | D:5      | Entered Level 5 of the Dungeon
  4498 | D:5      | Reached skill level 1 in Invocations
  4586 | D:5      | Reached XP level 7. HP: 55/55 MP: 6/6
  4604 | D:5      | Noticed Pikel
  4609 | D:5      | Killed Pikel
  4610 | D:5      | Reached skill level 6 in Fighting
  4717 | D:5      | Reached XP level 8. HP: 60/63 MP: 8/8
  4740 | D:5      | Reached skill level 5 in Armour
  5015 | D:5      | Noticed Blork the orc
  5023 | D:5      | Killed Blork the orc
  5162 | D:6      | Reached *** piety under Hepliaklqana
  5268 | D:6      | Found a sacrificial altar of Ru.
  5268 | D:6      | Found a glowing golden altar of the Shining One.
  5280 | D:6      | Reached skill level 7 in Fighting
  5777 | D:6      | Reached skill level 10 in Axes
  5890 | D:6      | Reached XP level 9. HP: 55/71 MP: 11/11
  6226 | D:6      | Found a runed translucent door.
  6227 | D:6      | Noticed Crazy Yiuf
  6237 | D:6      | Killed Crazy Yiuf
  6363 | D:7      | Noticed Menkaure
  6367 | D:7      | Killed Menkaure
  6374 | D:7      | Found a sand-covered staircase.
  6386 | Ossuary  | Entered an ossuary
  6502 | Ossuary  | Reached skill level 8 in Fighting
  6565 | D:7      | Found a staircase to the Ecumenical Temple.
  6873 | D:7      | Reached skill level 5 in Invocations
  6901 | D:7      | Reached **** piety under Hepliaklqana
  6958 | D:7      | Found a runed translucent gate.
  6958 | D:7      | Found a runed translucent gate.
  6958 | D:7      | Found a runed translucent gate.
  6958 | D:7      | Noticed MirrMurr's ghost (novice GnGl)
  6960 | D:7      | Found a basalt altar of Yredelemnul.
  6986 | D:7      | Killed MirrMurr's ghost
  7262 | D:8      | Found a flagged portal.
  7265 | D:8      | Noticed Amaemon
  7265 | D:8      | Noticed an orange demon
  7276 | D:8      | Killed Amaemon
  7277 | D:8      | Reached XP level 10. HP: 35/81 MP: 13/13
  7281 | D:8      | Killed an orange demon
  7282 | D:8      | Reached skill level 9 in Fighting
  7413 | Bailey   | Entered a bailey
  7826 | Bailey   | Acquired 812 gold pieces
  7828 | Bailey   | Acquired the +3 crown of Dyrovepreva {rElec Int+2 SInv}
  7828 | Bailey   | Found the +3 crown of Dyrovepreva {rElec Int+2 SInv}
  7986 | Bailey   | Noticed a rust devil
  7991 | Bailey   | Found an iron altar of Okawaru.
  7997 | Bailey   | Noticed a rust devil
  7999 | Bailey   | Noticed a rust devil
  8424 | D:8      | Noticed a two-headed ogre
  8432 | D:8      | Killed a two-headed ogre
  9068 | D:9      | Paralysed by a hornet for 3 turns
  9073 | D:9      | Reached skill level 10 in Fighting
  9413 | D:9      | Reached XP level 11. HP: 82/89 MP: 15/15
  9495 | D:9      | Noticed a two-headed ogre
  9503 | D:9      | Killed a two-headed ogre
 10094 | D:9      | Noticed a skeletal warrior
 10122 | D:10     | Entered Level 10 of the Dungeon
 10656 | D:10     | Found Dolleos's Jewellery Shoppe.
 10662 | D:10     | Bought a ring of poison resistance for 240 gold pieces
 10662 | D:10     | Bought the ring "Fufar" {Fly rF+ Int+4} for 510 gold pieces
 10676 | D:10     | Found a radiant altar of Vehumet.
 10694 | D:10     | Identified the +1 leather armour of Parlour Games {rN+
                  | Int-5 Dex+3 Slay-5}
 10738 | D:10     | Noticed Snorg
 10751 | D:10     | Killed Snorg
 10754 | D:10     | Noticed Fannar
 10770 | D:10     | Killed Fannar
 10771 | D:10     | Reached skill level 11 in Fighting
 10885 | D:10     | Reached ***** piety under Hepliaklqana
 11028 | D:10     | Reached skill level 15 in Axes
 11252 | D:10     | Noticed Harold
 11258 | D:10     | Killed Harold
 11366 | D:10     | Found a staircase to the Lair.
 11579 | D:11     | Noticed a sixfirhy
 11745 | D:11     | Reached XP level 12. HP: 99/99 MP: 17/17
 11953 | D:11     | Noticed a two-headed ogre
 11960 | D:11     | Killed a two-headed ogre
 12203 | D:11     | Noticed a two-headed ogre
 12213 | D:11     | Killed a two-headed ogre
 12666 | D:9      | Reached skill level 12 in Fighting
 12997 | D:9      | Found the +5 scythe "Finisher" {speed, eviscerate}
 13197 | Lair:1   | Entered Level 1 of the Lair of Beasts
 14376 | Lair:2   | Reached ****** piety under Hepliaklqana
 14402 | Lair:2   | Reached skill level 13 in Fighting
 15254 | Lair:3   | Found a staircase to the Shoals.
 15500 | Lair:3   | Found a hole to the Spider Nest.
 15519 | Lair:3   | Reached skill level 14 in Fighting
 15519 | Lair:3   | Reached XP level 13. HP: 101/111 MP: 18/18
 15626 | Lair:3   | Noticed Nessos
 15646 | Lair:3   | Killed Nessos
 16772 | Lair:4   | Reached skill level 15 in Fighting
 16910 | Lair:4   | Found a staircase to the Slime Pits.
 16910 | Lair:4   | Found a viscous altar of Jiyva.
 17544 | Lair:5   | Entered Level 5 of the Lair of Beasts
 17581 | Lair:4   | Acquired a +0 kite shield of cold resistance
 17591 | Lair:4   | Acquired 678 gold pieces
 17726 | Lair:5   | Reached skill level 16 in Fighting
 18448 | Lair:5   | Reached skill level 17 in Fighting
 18993 | Lair:5   | Noticed Kirke
 19004 | Lair:5   | Killed Kirke
 19037 | Lair:5   | Identified the +6 trident of Oenomania {flame, rPois Str+5}
 19040 | Lair:5   | Identified the +3 shortbow "Leceg" {vorpal, +Blink rN+}
 19064 | Lair:5   | Noticed a dire elephant
 19069 | Lair:5   | Reached skill level 18 in Fighting
 19085 | Lair:5   | Killed a dire elephant
 19850 | Lair:5   | Reached XP level 14. HP: 120/129 MP: 19/19
 20428 | D:12     | Reached skill level 19 in Fighting
 20511 | D:12     | Found a runed translucent door.
 20757 | D:12     | Found a runed translucent door.
 21437 | D:12     | Reached skill level 20 in Fighting
 21771 | D:12     | Found a staircase to the Orcish Mines.
 21815 | D:12     | Noticed a stone giant
 21816 | D:12     | Noticed a stone giant
 21819 | D:12     | Noticed a storm dragon
 21819 | D:12     | Noticed a frost giant
 22262 | D:13     | Found a gate to the Vaults.
 23208 | D:14     | Reached skill level 1 in Evocations
 23224 | D:14     | Found a frozen archway.
 23617 | IceCv    | Entered an ice cave
 23627 | IceCv    | Reached skill level 21 in Fighting
 25617 | D:15     | Entered Level 15 of the Dungeon
 25652 | D:15     | Reached XP level 15. HP: 107/142 MP: 20/20
 25773 | D:15     | Reached skill level 5 in Evocations
 26109 | D:15     | Found a staircase to the Depths.
 26366 | D:15     | Found a shimmering altar of Xom.
 26366 | D:15     | Found a shimmering altar of Xom.
 26383 | D:15     | Found a shimmering altar of Xom.
 26384 | D:15     | Found a shimmering altar of Xom.
 26390 | D:15     | Found a shimmering altar of Xom.
 26390 | D:15     | Found a shimmering altar of Xom.
 26453 | D:15     | Reached skill level 1 in Shields
 26797 | Orc:1    | Entered Level 1 of the Orcish Mines
 27363 | Orc:2    | Entered Level 2 of the Orcish Mines
 27371 | Orc:2    | Found Saddam's General Store.
 27373 | Orc:2    | Found Dunkor's Specific Store.
 27393 | Orc:2    | Reached skill level 22 in Fighting
 28217 | Orc:2    | Found a staircase to the Elven Halls.
 28478 | Orc:1    | Noticed Nergalle
 28481 | Orc:1    | Noticed Urug
 28485 | Orc:1    | Noticed Jorgrun
 28794 | Orc:2    | Noticed an orc warlord
 28820 | Orc:2    | Paralysed by an orc sorcerer for 5 turns
 28900 | Orc:2    | Killed an orc warlord
 28904 | Orc:2    | Reached skill level 5 in Shields
 29291 | Orc:2    | Paralysed by an orc sorcerer for 2 turns
 29734 | Orc:2    | Found Xitoazea's Antique Armour Shoppe.
 29735 | Orc:2    | Found Jecuguj's Antique Weapon Emporium.
 29737 | Orc:2    | Found Feew's General Store.
 29737 | Orc:2    | Found Joisch's Book Shoppe.
 29744 | Orc:2    | Bought a scroll of enchant weapon for 112 gold pieces
 30093 | Shoals:1 | Entered Level 1 of the Shoals
 30093 | Shoals:1 | Found a large runed translucent door.
 30093 | Shoals:1 | Found a large runed translucent door.
 30100 | Shoals:1 | Noticed Dacluamp's ghost (adept DsCj)
 30190 | Shoals:1 | Killed Dacluamp's ghost
 30547 | Shoals:2 | Found Ytwufotz's Book Shop.
 30826 | Shoals:2 | Noticed a kraken
 30942 | Shoals:1 | Noticed Nikola
 30962 | Shoals:1 | HP: 3/145 [Nikola/arc of chain lightning (50)]
 30963 | Shoals:1 | Killed Nikola
 30974 | Shoals:1 | HP: 3/145 [sea snake (8)]
 31528 | Shoals:1 | Reached skill level 23 in Fighting
 31766 | Shoals:2 | Found Jaitama's Distillery.
 31907 | Shoals:2 | Found Basethes's Book Shoppe.
 31915 | Shoals:2 | Bought 2 potions of curing for 96 gold pieces
 32245 | Shoals:3 | Noticed Polyphemus
 32690 | Shoals:2 | Reached XP level 16. HP: 130/154 MP: 21/21
 32765 | Shoals:3 | Killed Polyphemus
 33386 | Shoals:3 | Reached skill level 10 in Shields
 34512 | Shoals:4 | Entered Level 4 of the Shoals
 35143 | Shoals:4 | HP: 5/156 [barbs]
 35885 | Shoals:4 | Reached skill level 24 in Fighting
 36280 | Shoals:4 | Noticed a kraken
 36301 | Shoals:4 | Killed a kraken
 36589 | Shoals:4 | HP: 4/156 [satyr/arrow (21)]
 37080 | Shoals:4 | Noticed a kraken
 37087 | Shoals:4 | Killed a kraken
 37916 | Shoals:4 | Noticed a sphinx
 37917 | Shoals:4 | Paralysed by a sphinx for 3 turns
 37925 | Shoals:4 | Killed a sphinx
 38187 | Shoals:4 | Got a barnacled rune of Zot
 38234 | Shoals:4 | HP: 5/156 [satyr/arrow (8)]
 38236 | Shoals:4 | Shot with a sling bullet by a faun

Illustrated notes

Levels and vault maps discovered:
D:1:      lemuel_arrival_behind_the_door_large, layout_basic, minivault_24,
          dreamdust_wishing_well, moated_statue, minmay_hedge_maze
D:2:      layout_basic, dreamdust_ecumenical_altar_grove, eino_tiny_chamber,
          minmay_joined_circles
D:3:      layout_loops_ring, bloody_trog, mainiacjoe_overflow_tiny_flanked,
          minmay_fractal_squares_gapless_5
D:4:      layout_basic, bloody_makhleb, lemuel_crystal_altar,
          gammafunk_temple_overflow_pools, grunt_temple_overflow_open,
          gammafunk_ghost_mausoleum
D:5:      layout_cave_pools, minmay_misc_feat_x, uniq_blork_the_orc, uniq_pikel
D:6:      layout_basic, mainiacjoe_overflow_catch_the_wave,
          minmay_misc_feat_pillars, minivault_24, uniq_crazy_yiuf_cottage
D:7:      layout_rooms, nicolae_yredelemnul_ghost_church,
          minmay_temple_entry_ruins, chequers_ossuary_entry_cave,
          corexii_corridor_pit, uniq_menkaure
D:8:      layout_loops_cross, enter_bailey_5, uniq_amaemon
D:9:      layout_cave_pools, minmay_guarded_unrand_finisher
D:10:     layout_loops_ring, vehumet_crystals, erik_lair_dragon, serial_shops,
          shop, uniq_harold, uniq_snorg, uniq_fannar
D:11:     layout_loops_ring
D:12:     minmay_expanding_circles, layout_rooms, orc_0_dummy, chequers_garden
D:13:     layout_irregular_city, erik_vaults_1
D:14:     layout_roguey, portal_ice_cave_entry_ice_simulacra,
          kennysheep_pointless_box, solitary_fountain, drop_trap
D:15:     grunt_enter_depths_snipers, layout_basic, serial_bayou,
          serial_bayou_lagoon_a, serial_bayou_lagoon_b, serial_bayou_shore_a,
          serial_bayou_pond_b, nicolae_eternal_life, abandoned_shop,
          xom_shifter_show
Lair:1:   layout_small_grid
Lair:2:   layout_gridlike
Lair:3:   layout_loops_ring, minmay_shoals_entry_beasts, dummy_spider_entry,
          grunt_megastairs_2, uniq_nessos
Lair:4:   layout_regular_city, slime_entry_1, serial_forest,
          infiniplex_forest_end_1, infiniplex_forest_straight_3,
          infiniplex_forest_clump_small, infiniplex_forest_clump_double,
          infiniplex_forest_clump_diagonal, infiniplex_forest_corner_2,
          infiniplex_forest_lined_2, infiniplex_forest_lined_3,
          infiniplex_forest_end_1, lookout_lair_type
Lair:5:   gammafunk_lair_ancient_temple, layout_small_grid, uniq_kirke
Shoals:1: layout_shoals, ebering_ghost_disaster_area, uniq_nikola
Shoals:2: layout_shoals, serial_shops, nicolae_diamond_shop,
          nicolae_shop_advertising_works [nicolae_subvault_shop_adworks],
          nicolae_diamond_shop
Shoals:3: layout_shoals, nicolae_shoals_elemental_ambush, uniq_polyphemus
Shoals:4: shoals_end_hellmonk_lost_city
Orc:1:    layout_diamond_mine, uniq_jorgrun, uniq_urug, uniq_nergalle
Orc:2:    st_orc_congregation, layout_caves, nicolae_specific_store

Skill      XL: |  1  2  3  4  5  6  7  8  9 10 11 12 13 14 15 16 |
---------------+-------------------------------------------------+-----
Axes           | 4 5 6 7 8 10 12 13 15 18 | 18.0
Fighting       | 4 5 6 7 8 10 11 14 18 21 23 24 | 24.1
Armour         | 1 2 3 4 6 7 9 |  9.0
Invocations    | 1 2 4 5 6 8 9 |  9.0
Evocations     | 4 5 |  5.8
Shields        | 9 14 | 14.4
Dodging        | |  3.2
Stealth        | |  1.5

Action                   |  1- 3 |  4- 6 |  7- 9 | 10-12 | 13-15 | 16-18 || total
-------------------------+-------+-------+-------+-------+-------+-------++-------
Melee: Hand axe          |   188 |   138 |       |       |       |       ||   326
       Headbutt          |    46 |    29 |    28 |   106 |   215 |    59 ||   483
       Punch             |     1 |     3 |     2 |     9 |     3 |       ||    18
       War axe           |       |    46 |       |       |       |       ||    46
       Broad axe         |       |       |   169 |   418 |   901 |   234 ||  1722
       Demon whip        |       |       |       |       |    14 |       ||    14
Invok: Ancestor Life: He |       |     1 |       |       |       |       ||     1
       Idealise          |       |       |       |     1 |     4 |     1 ||     6
       Recall Ancestor   |       |       |       |       |       |     1 ||     1
Evoke: Wand              |       |       |     1 |       |     7 |    11 ||    19
       Tin of tremorston |       |       |       |       |       |     1 ||     1
  Use: Scroll            |     2 |     4 |     3 |    14 |    24 |     5 ||    52
       Potion            |       |     1 |       |     1 |    14 |    10 ||    26
 Stab: Confused          |       |     2 |     2 |    11 |    27 |     8 ||    50
       Distracted        |       |       |     3 |    14 |    16 |     5 ||    38
       Invisible         |       |       |       |       |     1 |       ||     1
       Paralysed         |       |       |       |       |    39 |    27 ||    66
       Petrified         |       |       |       |       |     5 |       ||     5
       Petrifying        |       |       |       |       |     1 |       ||     1
Armor: Plate armour      |    68 |   128 |   124 |   315 |   617 |   198 ||  1450
Dodge: Dodged            |    22 |    60 |    51 |   147 |   199 |    87 ||   566
Block: Kite shield       |       |       |       |       |   349 |   221 ||   570

Table legend: (Time is in decaauts)
 A = Elapsed time spent in this place.
 B = Non-inter-level travel time spent in this place.
 C = Inter-level travel time spent in this place.
 D = Time resting spent in this place.
 E = Time spent auto-exploring this place.
 F = Levels seen in this place.
 G = Mean time per level.
                   A        B        C        D        E       F      G
               +--------+--------+--------+--------+--------+-----+--------+
         Total |  38122 |  36920 |   1202 |  16103 |  11875 |  29 | 1314.6 |
       Dungeon |  19363 |  18601 |    762 |   6748 |   7640 |  15 | 1290.9 |
          Lair |   7089 |   6823 |    266 |   2364 |   3294 |   5 | 1417.8 |
        Shoals |   8098 |   7991 |    107 |   5165 |    503 |   4 | 2024.5 |
  Orcish Mines |   2758 |   2692 |     66 |   1413 |    406 |   2 | 1379.0 |
       Ossuary |    163 |    163 |      0 |      0 |     32 |   1 |  163.0 |
        Bailey |    589 |    589 |      0 |    403 |      0 |   1 |  589.0 |
      Ice Cave |     58 |     58 |      0 |     10 |      0 |   1 |   58.0 |
               +--------+--------+--------+--------+--------+-----+--------+

Top non-repeatable levels by time:
Shoals:3: 3423 daAuts
    D:14: 2535 daAuts
  Lair:5: 2274 daAuts
    D:12: 1938 daAuts
   Orc:2: 1851 daAuts
Shoals:4: 1687 daAuts
Shoals:1: 1647 daAuts
     D:2: 1622 daAuts
    D:10: 1585 daAuts
     D:9: 1541 daAuts
  Lair:3: 1508 daAuts
    D:11: 1400 daAuts
Shoals:2: 1340 daAuts
     D:8: 1261 daAuts
  Lair:4: 1214 daAuts
